Map: Lerilak Crest

Players

State - Winner!

  • Race: Protoss Protoss
  • League: Grandmaster

llllllllllll (Oliveira)

  • Race: Terran Terran
  • League: Grandmaster

VOD

Have the link to the VOD?

Description

Time

  • Played on: Feb. 12, 2016, 2:47 a.m.
  • Length: 6:27
Show
View Real Time Build Order
Export as new Build Order

State Protoss - Winner!

Build Orders: 1 Gate Expand 

Get SALT Encoding   

  12  0:00  Probe (Chrono Boost)  
  13  0:11  Probe (Chrono Boost)  
  14  0:17  Pylon  
  14  0:22  Probe (Chrono Boost)  
  16  0:35  Probe (Chrono Boost)  
  16  0:36  Gateway  
  16  0:43  Assimilator  
  16  0:46  Probe (Chrono Boost)  
  17  0:56  Probe (Chrono Boost)  
  18  1:07  Probe (Chrono Boost)  
  19  1:22  Nexus  
  19  1:24  Probe (Chrono Boost)  
  20  1:37  Probe (Chrono Boost)  
  20  1:38  Cybernetics Core  
  21  1:45  Assimilator  
  21  1:48  Probe (Chrono Boost)  
  21  1:52  Pylon  
  22  1:58  Probe (Chrono Boost)  
  23  2:14  Adept, Warp Gate  
  25  2:17  Mothership Core (Chrono Boost)  
  27  2:30  Pylon  
  27  2:34  Probe (Chrono Boost)  
  27  2:35  Probe (Chrono Boost)  
  29  2:40  Robotics Facility  
  29  2:46  Probe (Chrono Boost)  
  29  2:47  Probe (Chrono Boost)  
  31  2:56  Probe (Chrono Boost)  
  31  2:58  Forge  
  32  2:59  Probe (Chrono Boost)  
  32  3:05  Twilight Council  
  33  3:09  Probe (Chrono Boost)  
  33  3:12  Probe (Chrono Boost)  
  36  3:20  Probe (Chrono Boost)  
  36  3:23  Probe (Chrono Boost)  
  37  3:30  Resonating Glaives (Chrono Boost), Probe (Chrono Boost)  
  37  3:33  Probe (Chrono Boost), Warp Prism  
  41  3:34  Protoss Ground Weapons Level 1 (Chrono Boost)  
  41  3:41  Probe  
  42  3:51  Probe  
  42  3:54  Probe  
  44  3:56  Gateway  
  44  3:58  Gateway  
  44  4:00  Gateway  
  44  4:04  Probe  
  44  4:06  Probe  
  46  4:10  Pylon  
  46  4:13  Pylon  
  46  4:18  Probe x2  
  46  4:19  Pylon  
  46  4:21  Observer  
  47  4:34  Adept  
  47  4:35  Probe x2  
  47  4:37  Assimilator  
  51  4:42  Pylon  
  51  4:43  Observer  
  52  4:48  Probe  
  52  4:49  Probe  
  54  4:56  Adept x2  
  58  5:01  Adept  
  58  5:02  Adept  
  58  5:06  Assimilator  
  62  5:15  Probe  
  62  5:16  Probe  
  64  5:28  Probe x2  
  61  5:32  Adept  
  61  5:33  Adept x3  
  69  5:40  Probe x2  
  71  5:52  Probe x2  
  71  5:56  Stalker x3  
  77  5:58  Pylon  
  76  6:04  Probe  
  76  6:07  Probe  
Show
View Real Time Build Order
Export as new Build Order

llllllllllll Terran 

Build Orders:  

Get SALT Encoding   

  12  0:01  SCV  
  13  0:13  SCV  
  14  0:18  Supply Depot  
  14  0:25  SCV  
  15  0:39  SCV  
  15  0:41  Barracks  
  16  0:44  Refinery  
  16  0:51  SCV  
  17  1:03  SCV  
  18  1:16  SCV  
  19  1:28  Barracks Reactor, Orbital Command  
  19  1:45  Command Center  
  19  1:54  Supply Depot, SCV  
  20  2:05  Marine  
  20  2:06  Marine, SCV  
  23  2:12  Factory  
  23  2:18  SCV  
  24  2:23  Marine x2  
  26  2:30  SCV  
  27  2:41  Marine x2  
  27  2:43  SCV  
  30  2:55  SCV  
  30  2:56  Refinery, Widow Mine  
  30  2:57  Starport  
  32  2:59  Orbital Command  
  32  3:05  Marine  
  32  3:06  Marine  
  32  3:10  SCV  
  35  3:22  SCV  
  35  3:25  SCV  
  35  3:26  Widow Mine  
  39  3:29  Marine x2  
  41  3:34  Supply Depot, SCV  
  41  3:35  Medivac  
  41  3:39  SCV  
  45  3:48  Barracks  
  45  3:49  Barracks  
  45  3:51  SCV  
  46  3:57  SCV  
  46  3:59  Factory Tech Lab, Supply Depot  
  46  4:02  Marine x2  
  49  4:08  Starport Tech Lab  
  49  4:09  SCV  
  51  4:10  SCV  
  51  4:20  Marine x2  
  51  4:22  SCV x2  
  55  4:26  Factory Reactor  
  55  4:34  Engineering Bay, SCV x2  
  55  4:35  Refinery  
  55  4:36  Supply Depot  
  57  4:46  SCV x2  
  59  4:53  Combat Shields  
  59  4:54  Marine x2  
  59  4:55  Marine  
  59  4:57  Marine  
  59  4:58  SCV  
  64  5:02  Missile Turret x2  
  64  5:04  Supply Depot  
  64  5:12  Marine x2  
  64  5:13  Marine  
  67  5:17  Marine  
  67  5:18  Medivac  
  70  5:24  Medivac  
  70  5:25  SCV  
  68  5:29  Marine  
  68  5:30  Marine  
  68  5:33  SCV  
  68  5:34  Marine  
  66  5:37  SCV  
  66  5:38  Marine  
  53  5:45  SCV  
  53  5:47  Marine  
  51  5:50  SCV  
  50  5:57  SCV  
  50  5:58  Marine  
  50  6:02  Marine  
  48  6:04  Marine  
Tags
 
Add a new tag
Caveats
  • Supply blocks, unpowered buildings, or Contaminate may cause inaccurate times.
  • Supply counts are checked every 10 seconds.